 Dungeon Crawl Stone Soup version 0.17-a0-1718-g72dbe4d (webtiles) character file.

8 razloz the Vexing (level 2, -1/20 HPs)
             Began as a Formicid Enchanter on Aug 24, 2015.
             Slain by a giant cockroach (2 damage)
             ... on level 1 of the Dungeon.
             The game lasted 00:00:51 (649 turns).

razloz the Vexing (Formicid Enchanter)               Turns: 649, Time: 00:00:51

Health: -1/20      AC:  5    Str: 12    XL:     2   Next: 15%
Magic:  5/5        EV: 12    Int: 14    God:
Gold:   24         SH:  0    Dex: 11    Spells: 1 memorised, 5 levels left

rFire  . . .     SeeInvis +     a - +1 dagger
rCold  . . .     Clarity  .     b - +1 robe
rNeg   . . .     SustAt   .     (no shield)
rPois  .         Gourm    .     (helmet unavailable)
rElec  .         Spirit   .     (no cloak)
rCorr  .         Warding  .     (no gloves)
rMut   .         Stasis   +     (no boots)
MR     .....                    (no amulet)
Stlth  ++........               (no ring)
                                (no ring)

@: not resistant to hostile enchantments, unstealthy
A: permanent stasis, dig shafts and tunnels, four strong arms, antennae 3,
yellow scales 1, blurry vision 1, evolution 1
a: Dig, Shaft Self


You were on level 1 of the Dungeon.
You were not hungry.

You visited 1 branch of the dungeon, and saw 1 of its levels.

You collected 24 gold pieces.

Inventory:

Hand weapons
 a - a +1 dagger (weapon)
Armour
 b - a +1 robe (worn)
Jewellery
 h - an uncursed ring of stealth {unknown}
Scrolls
 e - a scroll of enchant weapon {unknown}
 g - a scroll of fear {unknown}
Potions
 i - a potion of flight {unknown}
Books
 c - a book of Maledictions

   Spells                             Type                      Level
   a - Corona                         Hexes                        1
   b - Ensorcelled Hibernation        Hexes/Ice                    2
   c - Confuse                        Hexes                        3
   d - Tukima's Dance                 Hexes                        3
   e - Dazzling Spray                 Conjuration/Hexes            3
Comestibles
 d - a bread ration


   Skills:
 + Level 0.4 Fighting
 - Level 1.0 Short Blades
 + Level 0.0 Armour
 - Level 1.7 Dodging
 - Level 3.6 Stealth
 + Level 2.5 Spellcasting
 + Level 3.9 Hexes


You had 5 spell levels left.
You knew the following spells:

 Your Spells              Type           Power        Failure   Level  Hunger
a - Corona                Hex            ##.....      4%          1    #......


Dungeon Overview and Level Annotations

Branches:
Dungeon (1/15)

Altars:


Innate Abilities, Weirdness & Mutations

You are under a permanent stasis effect.
You can dig through walls and to a lower floor.
Your four strong arms can wield two-handed weapons with a shield.
You have a pair of large antennae on your head (SInv).
You are partially covered in yellow scales (AC +2).
Scrolls take you a little longer to read.
You evolve.


Message History

The bat closely misses you. The bat misses you.
The giant gecko barely misses you. The bat hits you but does no damage.
The giant cockroach barely misses you. The giant cockroach closely misses you.
The giant cockroach waves its antennae.
The giant gecko barely misses you.
You see here a dark potion.
i - a dark potion The giant gecko misses you.
You see here 11 gold pieces.
You now have 24 gold pieces (gained 11).
The giant gecko misses you. The giant gecko bites you.
* * * LOW HITPOINT WARNING * * *
Drink which item? (? for menu, Esc to quit)
It was a potion of mutation.
You feel extremely strange.
Your vision blurs.
Yellow scales grow over part of your body.
You feel nature experimenting on you.
Don't worry, failures die fast.
The giant cockroach bites you.
You die...

.#...#...#####
#...#####....### ##......#!+
+.<.'.'.'.....#
##.......#####...######..#...
.##.##...........##+##
#..####. ........##........#
#... # ..##.##..#........#
#.### #. #..#........# #. {
.. #..##......s#+### #.#
##..#..###....@lb...####.#
#.....##....#####......##
#.........#######........
#.#.......>.....{......##
#.##..........g########..
#.#.....#.......# .
#....#.##...........
#....#.##........###
....................


You could see a giant gecko, a giant cockroach and a bat.

Vanquished Creatures
  A giant gecko (D:1)
  A bat (D:1)
  3 goblins (D:1)
  2 rats (D:1)
7 creatures vanquished.

Notes
Turn   | Place    | Note
--------------------------------------------------------------
     0 | D:1      | razloz the Formicid Enchanter began the quest for the Orb.
     0 | D:1      | Reached XP level 1. HP: 13/13 MP: 3/3
   469 | D:1      | Reached XP level 2. HP: 18/20 MP: 5/5
   648 | D:1      | HP: 1/20 [giant gecko (2)]
   649 | D:1      | Gained mutation: Scrolls take you a little longer to read. [potion of mutation]
   649 | D:1      | Gained mutation: You are partially covered in yellow scales (AC +2). [potion of mutation]
   649 | D:1      | Gained mutation: You evolve. [potion of mutation]
   649 | D:1      | Slain by a giant cockroach

Vault maps used:
D:1:      minmay_arrival_doors, minmay_newt_pond

Action                   || total
-------------------------++-------
Melee: Dagger            ||    42
  Use: Potion            ||     1
